 Dungeon Crawl Stone Soup version 0.25-a0-571-gb5e01bddfa (webtiles) character file.

Game seed: 3760152697369308448, levelgen mode: deterministic

11272 Flugslaktarn the Cleaver (level 11, -2/102 HPs)
             Began as a Deep Dwarf Fighter on Feb 29, 2020.
             Was a Priest of Makhleb.
             Slain by a cyan ugly thing (12 damage)
             ... on level 11 of the Dungeon.
             The game lasted 00:05:27 (6013 turns).

Flugslaktarn the Cleaver (Deep Dwarf Fighter)       Turns: 6013, Time: 00:05:27

Health: -2/102     AC: 13    Str: 22    XL:     11   Next: 47%
Magic:  6/6        EV:  6    Int: 12    God:    Makhleb [***...]
Gold:   334        SH: 10    Dex: 12    Spells: 10/10 levels left

rFire    . . .     SeeInvis .   a - +0 war axe
rCold    . . .     Gourm    .   c - +0 kite shield
rNeg     . . .     Faith    .   i - +0 chain mail
rPois    +         Spirit   .   (no helmet)
rElec    .         Reflect  .   j - +0 cloak
rCorr    .         Harm     .   u - +0 pair of gloves
MR       +....                  x - +0 pair of boots
Stlth    ..........             (no amulet)
HPRegen  0.00/turn              (no ring)
MPRegen  0.10/turn              (no ring)

@: non-regenerating, slowed, very heavily drained, very slow
A: damage resistance, heal wounds, talons 1, clever 1, sense surroundings 2,
poison resistance, no regeneration
a: Heal Wounds, Minor Destruction, Lesser Servant of Makhleb, Renounce Religion


You were on level 11 of the Dungeon.
You worshipped Makhleb.
Makhleb was most pleased with you.
You were not hungry.

You visited 2 branches of the dungeon, and saw 12 of its levels.

You collected 574 gold pieces.
You spent 240 gold pieces at shops.

Inventory:

Hand Weapons
 a - a +0 war axe (weapon)
Missiles
 f - a throwing net (quivered)
Armour
 c - a +0 kite shield (worn)
 i - a +0 chain mail (worn)
   (You found it on level 2 of the Dungeon)
 j - a +0 cloak (worn)
   (You found it on level 4 of the Dungeon)
 u - a +0 pair of gloves (worn)
   (You found it on level 5 of the Dungeon)
 x - a +0 pair of boots (worn)
   (You found it on level 5 of the Dungeon)
 y - +0 swamp dragon scales
   (You took it off Maggie on level 7 of the Dungeon)
Jewellery
 p - an uncursed ring of fire
   (You found it on level 7 of the Dungeon)
Wands
 b - a wand of iceblast (9)
   (You found it on level 10 of the Dungeon)
 n - a wand of paralysis (6)
   (You found it on level 4 of the Dungeon)
 t - a wand of acid (13)
   (You found it on level 5 of the Dungeon)
 v - a wand of digging (6)
   (You found it on level 6 of the Dungeon)
 J - a wand of scattershot (7)
   (You found it on level 11 of the Dungeon)
Scrolls
 h - a scroll of magic mapping
 k - a scroll of brand weapon {unknown}
 l - a scroll of teleportation {unknown}
 o - a scroll of enchant armour
 r - a scroll of identify
 s - 2 scrolls of enchant weapon
 w - 5 scrolls of remove curse
 z - 3 scrolls of blinking
 A - a scroll of fear {unknown}
 D - a scroll of immolation
 E - a scroll of vulnerability
 K - a scroll of fog {unknown}
Potions
 d - a potion of might
 g - 2 potions of flight
 m - a potion of stabbing
 q - 5 potions of curing
 B - 2 potions of mutation
 C - a potion of brilliance
 F - a potion of invisibility
 G - a potion of cancellation {unknown}
 I - a potion of heal wounds {unknown}
Comestibles
 e - 15 rations


   Skills:
 + Level 7.7(3.9) Fighting
 * Level 12.1(7.9) Axes
 + Level 9.2(5.3) Armour
 + Level 9.2(5.3) Shields
 + Level 7.1(3.4) Invocations


You had 10 spell levels left.
You didn't know any spells.
Your spell library was empty.

Dungeon Overview and Level Annotations

Branches:
Dungeon (11/15)            Temple (1/1) D:7             Orc (0/2) D:10
   Lair: D:8-11

Altars:
Ashenzari
Cheibriados
Dithmenos
Elyvilon
Fedhas
Gozag
Hepliaklqana
Kikubaaqudgha
Makhleb
Nemelex Xobeh
Okawaru
Qazlal
Ru
Sif Muna
Trog
Uskayaw
Vehumet
Wu Jian
Xom
Yredelemnul
Zin
The Shining One

Shops:
D:4 (   D:8 !

Annotations:
D:5 1 runed translucent door, Flugslaktarn's ghost, amateur FoFi


Innate Abilities, Weirdness & Mutations

You are resistant to damage.
You can heal yourself by infusing magical energy.
You passively map the area around you.
You do not regenerate.
You have sharp toenails.
Your mind is acute. (Int +2)
Your system is resistant to poisons. (rPois)


Message History

Press: ? - help, Shift-Dir - straight line, f - wraith
Aim: a wraith (heavily damaged)
The bolt of acid hits the cyan ugly thing!
The cyan ugly thing is splashed with acid.
The cyan ugly thing is heavily wounded.
The bolt of acid misses the wraith.
The bolt of acid hits the wight!
The wight is splashed with acid.
You destroy the wight!
Makhleb accepts your kill.
You feel better. The cyan ugly thing punches you!
* * * LOW HITPOINT WARNING * * *
The cyan ugly thing shocks you!
* * * LOW HITPOINT WARNING * * *
You block the wight's attack.
The wight hits you from afar with a cursed -2 halberd.
* * * LOW HITPOINT WARNING * * *
You feel drained. The cyan ugly thing punches you.
* * * LOW HITPOINT WARNING * * *
The cyan ugly thing shocks you!
You die...

.##.#.##.####.# * #........#
#.# .####.#### #.# * ,** *
## #########.# ,,, #
#......#.# * #
######.####.#.#### .# *
#..†...........z.# ..# ,
#<.......##.#.##z######...#.
*
#.)÷.....##.#..#@#.z...Z....
, ,
#...........##.#.uWWZ.......
,
#.......######÷###W)....(...
,*
#.......##......#######...#.
#.......##.###..# ,..# ,,
##########.###..# *, .# **
### #.##...# *, # ####(##
#.##.#.# , , *, ....#.##
#.##.#.##### * *,


You could see a cyan ugly thing, 3 wraiths, 2 wights and a bullfrog zombie.

Vanquished Creatures
  Josephine (D:11)
  A two-headed ogre (D:9)
  Maurice (D:8)
  Maggie (D:7)
  Psyche (D:9)
  2 trolls (D:9)
  A hippogriff (D:7)
  A shadow (D:11)
  A wraith (D:11)
  Eustachio (D:6)
  14 yaks
  3 hungry ghosts
  A steam dragon (D:9)
  4 wargs (D:10)
  An acid dragon (D:11)
  2 insubstantial wisps (D:9)
  Edmund (D:6)
  A water moccasin (D:9)
  A hornet zombie (D:9)
  5 sky beasts
  3 ogres
  An orc warrior (D:8)
  An ice beast (D:5)
  A phantom (D:5)
  2 necrophages
  6 centaurs
  A crocodile (D:7)
  A big kobold (D:10)
  4 bullfrogs
  A gnoll sergeant (D:8)
  2 wyvern zombies
  2 scorpions
  4 killer bees (D:8)
  A wight (D:11)
  6 howler monkeys
  6 crimson imps
  A bullfrog zombie (D:10)
  A quasit (D:7)
  6 hounds
  5 jellies
  5 orc priests
  A gnoll shaman (D:9)
  2 orc wizards
  2 iguanas
  11 worker ants
  A hound zombie (D:10)
  A hound skeleton (D:9)
  A worker ant zombie (D:5)
  A howler monkey zombie (D:8)
  9 adders
  11 gnolls
  4 shadow imps
  7 oozes
  2 adder zombies
  An adder skeleton (D:4)
  2 dart slugs
  4 leopard geckos
  23 orcs
  2 giant cockroaches
  3 hobgoblins (D:1)
  12 jackals
  4 quokkas
  A ball python (D:2)
  2 bats (D:3)
  2 frilled lizards (D:4)
  A giant cockroach zombie (D:5)
  10 kobolds
  2 rats
226 creatures vanquished.

Vanquished Creatures (others)
  A gnoll (D:9)
1 creature vanquished.

Grand Total: 227 creatures vanquished

Notes
Turn   | Place    | Note
-------+----------+-------------------------------------------
     0 | D:1      | Flugslaktarn the Deep Dwarf Fighter began the quest for the
                  | Orb.
     0 | D:1      | Reached XP level 1. HP: 20/20 MP: 1/1
   131 | D:1      | Reached XP level 2. HP: 25/27 MP: 2/2
   513 | D:4      | Reached skill level 3 in Axes
   513 | D:4      | Reached XP level 3. HP: 23/34 MP: 3/3
   708 | D:4      | Reached XP level 4. HP: 41/42 MP: 4/4
   773 | D:4      | Reached skill level 4 in Axes
   773 | D:4      | Reached XP level 5. HP: 35/49 MP: 5/5
   932 | D:4      | Found a stormy altar of Qazlal.
  1100 | D:4      | Reached XP level 6. HP: 45/56 MP: 6/6
  1166 | D:4      | Found Puremn's Weapon Shoppe.
  1348 | D:5      | Entered Level 5 of the Dungeon
  1391 | D:5      | Reached skill level 5 in Axes
  1464 | D:5      | Reached XP level 7. HP: 33/64 MP: 6/6
  1525 | D:5      | Reached skill level 5 in Shields
  1555 | D:5      | Reached skill level 5 in Armour
  1619 | D:5      | Reached skill level 6 in Axes
  1750 | D:5      | Found a blossoming altar of Fedhas.
  1750 | D:5      | Found a sacrificial altar of Ru.
  1850 | D:5      | Noticed Flugslaktarn's ghost (amateur FoFi)
  1853 | D:5      | Found a runed translucent door.
  2112 | D:6      | Noticed Eustachio
  2114 | D:6      | Noticed Edmund
  2127 | D:6      | Killed Edmund
  2141 | D:6      | Killed Eustachio
  2141 | D:6      | Reached skill level 7 in Axes
  2141 | D:6      | Reached XP level 8. HP: 59/73 MP: 7/7
  2474 | D:7      | Noticed Maggie
  2496 | D:7      | Reached skill level 5 in Fighting
  2504 | D:7      | Killed Maggie
  2504 | D:7      | Reached skill level 8 in Axes
  2554 | D:7      | Noticed a hippogriff
  2567 | D:7      | Killed a hippogriff
  2577 | D:7      | Found a shadowy altar of Dithmenos.
  2623 | D:7      | Gained mutation: You passively map the area around you.
                  | [Deep Dwarf growth]
  2623 | D:7      | Reached XP level 9. HP: 68/81 MP: 8/8
  2662 | D:7      | Found a staircase to the Ecumenical Temple.
  2706 | Temple   | Entered the Ecumenical Temple
  2988 | D:7      | Found a bloodstained altar of Trog.
  3059 | D:7      | Found a white marble altar of Elyvilon.
  3059 | D:7      | Found a glowing silver altar of Zin.
  3061 | D:7      | Found a sparkling altar of Nemelex Xobeh.
  3065 | D:7      | Found a shattered altar of Ashenzari.
  3065 | D:7      | Found an opulent altar of Gozag.
  3068 | D:7      | Found a shimmering altar of Xom.
  3070 | D:7      | Found a shadowy altar of Dithmenos.
  3155 | D:7      | Found a burning altar of Makhleb.
  3156 | D:7      | Found a radiant altar of Vehumet.
  3174 | D:7      | Became a worshipper of Makhleb the Destroyer
  3226 | D:8      | Reached skill level 1 in Invocations
  3266 | D:8      | Reached skill level 9 in Axes
  3392 | D:8      | Noticed Maurice
  3418 | D:8      | Killed Maurice
  3651 | D:8      | Found Amaip's Distillery.
  3660 | D:8      | Bought a potion of mutation for 120 gold pieces
  3660 | D:8      | Bought a potion of mutation for 120 gold pieces
  3660 | D:8      | Gained mutation: Your spells are a little harder to cast,
                  | but a little more powerful. [potion of mutation]
  3660 | D:8      | Gained mutation: Armour fits poorly on your strangely
                  | shaped body. [potion of mutation]
  3660 | D:8      | Gained mutation: You have sharp toenails. [potion of
                  | mutation]
  3660 | D:8      | Gained mutation: You are somewhat resistant to further
                  | mutation. [potion of mutation]
  3661 | D:8      | Lost mutation: You are somewhat resistant to further
                  | mutation. [potion of mutation]
  3661 | D:8      | Lost mutation: Armour fits poorly on your strangely shaped
                  | body. [potion of mutation]
  3661 | D:8      | Lost mutation: Your spells are a little harder to cast, but
                  | a little more powerful. [potion of mutation]
  3661 | D:8      | Gained mutation: Your system is resistant to poisons.
                  | (rPois) [potion of mutation]
  3661 | D:8      | Gained mutation: Your mind is acute. (Int +2) [potion of
                  | mutation]
  3862 | D:8      | Reached * piety under Makhleb
  4004 | D:9      | Noticed a troll
  4013 | D:9      | Killed a troll
  4013 | D:9      | Reached skill level 10 in Axes
  4043 | D:9      | HP: 4/84 [acid (9)]
  4054 | D:9      | Reached XP level 10. HP: 55/92 MP: 8/8
  4068 | D:9      | Noticed Psyche
  4088 | D:9      | Killed Psyche
  4435 | D:9      | Reached skill level 5 in Invocations
  4451 | D:9      | Reached ** piety under Makhleb
  4673 | D:9      | Noticed a two-headed ogre
  4692 | D:9      | Killed a two-headed ogre
  4721 | D:10     | Entered Level 10 of the Dungeon
  4765 | D:10     | Reached skill level 11 in Axes
  4891 | D:10     | Found an opulent altar of Gozag.
  5020 | D:10     | Reached XP level 11. HP: 71/100 MP: 8/8
  5070 | D:10     | Found a staircase to the Orcish Mines.
  5362 | D:10     | Reached *** piety under Makhleb
  5954 | D:11     | Noticed Josephine
  5978 | D:11     | Noticed a cyan ugly thing
  6003 | D:11     | Killed Josephine
  6003 | D:11     | Reached skill level 12 in Axes
  6013 | D:11     | Slain by a cyan ugly thing

Levels and vault maps discovered:
D:1:      roderic_crop_circles_arrival_small, layout_basic
D:2:      layout_loops_cross, uniq_jessica
D:3:      layout_loops_ring, grunt_ministairs_10, minmay_misc_feat_roman,
          serial_bayou_pond_c, elyvilon_altar_4
D:4:      layout_layer_cave, old_standard_altar, first_ration, serial_shops,
          kennysheep_mini
D:5:      layout_rooms, chequers_temple_overflow_statue_of_worship,
          hellmonk_ghost_happy_afterlife, kennysheep_cross_bottleneck,
          minmay_joined_circles
D:6:      layout_rooms, minmay_misc_feat_five, uniq_eustachio, uniq_edmund
D:7:      layout_rooms, grunt_temple_overflow_lords_of_destruction,
          old_standard_altar, minitemple, minmay_temple_entry_statues_pillars,
          grunt_dithmenos_smoke, uniq_maggie
D:8:      layout_rooms, serial_shops, kennysheep_mini_moat, uniq_maurice
D:9:      layout_roguey, hangedman_little_slice_of_home, hangedman_misty_isle,
          uniq_psyche
D:10:     layout_loops_corners, minmay_orc_entry_guard_dogs, grunt_gozag_statues
D:11:     layout_loops_cross, lair_entry_dummy, uniq_josephine
Temple:   jpeg_temple_island

Skill      XL: |  1  2  3  4  5  6  7  8  9 10 11 |
---------------+----------------------------------+-----
Fighting       | 3 4 5 6 7 |  7.7
Axes           | 3 4 5 7 8 10 11 12 | 12.1
Armour         | 4 5 6 7 8 9 |  9.2
Shields        | 4 5 6 7 8 9 |  9.2
Invocations    | 3 6 7 |  7.1

Action                   |  1- 3 |  4- 6 |  7- 9 | 10-12 || total
-------------------------+-------+-------+-------+-------++-------
Melee: War axe           |    65 |   132 |   502 |   577 ||  1276
 Abil: Heal Wounds       |     1 |     2 |    15 |    28 ||    46
Evoke: Wand              |       |       |     2 |     2 ||     4
  Use: Scroll            |       |       |    15 |       ||    15
       Potion            |       |       |     2 |       ||     2
  Eat: Chunk             |       |     2 |    14 |    15 ||    31
Armor: Scale mail        |     4 |       |       |       ||     4
       Chain mail        |    31 |    70 |   257 |   258 ||   616
Dodge: Dodged            |    17 |    30 |   120 |   111 ||   278
Block: Kite shield       |    27 |    71 |   334 |   343 ||   775

Table legend:
 A = Non-vault XP
 B = Vault XP
 C = Vault XP percentage of total XP
 D = Non-vault monster count
 E = Vault monster count
 F = Vault count percentage of total count
                 A         B        C        D         E       F
            +---------+---------+-------+---------+---------+-------
      Total |   11242 |    4862 |  30.2 |     195 |      31 |  13.7
            +---------+---------+-------+---------+---------+-------
        D:1 |      17 |       0 |   0.0 |       8 |       0 |   0.0
        D:2 |       4 |       0 |   0.0 |       3 |       0 |   0.0
        D:3 |      14 |       0 |   0.0 |       6 |       0 |   0.0
        D:4 |     381 |       0 |   0.0 |      22 |       0 |   0.0
        D:5 |     607 |     157 |  20.5 |      18 |       5 |  21.7
        D:6 |     303 |     365 |  54.6 |      12 |       2 |  14.3
        D:7 |     928 |     466 |  33.4 |      14 |       2 |  12.5
        D:8 |    1404 |     439 |  23.8 |      34 |       1 |   2.9
        D:9 |    2330 |    1463 |  38.6 |      20 |      15 |  42.9
       D:10 |    3221 |     643 |  16.6 |      40 |       4 |   9.1
       D:11 |    2033 |    1329 |  39.5 |      18 |       2 |  10.0
            +---------+---------+-------+---------+---------+-------
